Map: Dusk Towers

Players

SortOf - Winner!

  • Race: Zerg Zerg
  • League: Master

Zervas

  • Race: Zerg Zerg
  • League: Master

Event: DreamHack ZOWIE Open Leipzig

VOD

Have the link to the VOD?

Description

Time

  • Played on: Jan. 22, 2016, 10 a.m.
  • Length: 8:09

All games in this series

Show
View Real Time Build Order
Export as new Build Order

SortOf Zerg - Winner!

Build Orders: Pool First 

Get SALT Encoding   

  12  0:00  Drone  
  14  0:24  Spawning Pool  
  14  0:26  Drone  
  13  0:29  Drone  
  14  0:38  Overlord  
  15  1:11  Zergling x6  
  15  1:16  Hatchery  
  16  1:22  Zergling x2  
  17  1:32  Queen  
  19  1:33  Zergling x2  
  20  1:45  Zergling x2  
  21  1:53  Extractor  
  20  1:54  Zergling x2  
  21  2:05  Drone  
  22  2:18  Overlord  
  22  2:27  Queen  
  22  2:28  Drone x2  
  26  2:40  Drone x2  
  26  2:41  Drone  
  29  2:45  Drone x2  
  30  2:54  Drone  
  30  2:55  Drone  
  32  2:59  Baneling Nest  
  32  3:05  Drone x2  
  30  3:13  Drone x2  
  30  3:15  Metabolic Boost  
  32  3:21  Drone x2  
  34  3:27  Overlord  
  34  3:32  Zergling x2  
  34  3:33  Zergling x2  
  36  3:38  Overlord  
  36  3:44  Baneling  
  36  3:45  Baneling x2  
  36  3:47  Drone x2  
  36  3:48  Drone  
  39  3:50  Drone  
  39  3:53  Overlord  
  40  3:57  Drone x2  
  40  3:59  Drone  
  40  4:02  Drone  
  44  4:11  Drone  
  45  4:17  Hatchery  
  45  4:21  Drone  
  45  4:23  Zergling x2  
  45  4:24  Zergling x2  
  47  4:31  Zergling x10  
  51  4:32  Baneling  
  52  4:41  Zergling x2  
  53  4:51  Zergling x8  
  55  4:54  Queen  
  55  4:57  Extractor  
  55  4:58  Roach Warren, Zergling x6  
  55  4:59  Evolution Chamber  
  57  5:01  Drone  
  57  5:04  Baneling x6  
  58  5:08  Drone x2  
  56  5:32  Drone x2  
  56  5:33  Drone  
  56  5:34  Drone  
  59  5:36  Drone  
  59  5:38  Lair  
  59  5:42  Drone x2  
  62  5:43  Drone  
  62  5:44  Drone x2  
  63  5:52  Drone x3  
  66  5:57  Extractor  
  66  5:58  Queen  
  66  6:01  Queen  
  65  6:05  Zergling x2  
  65  6:09  Drone  
  66  6:12  Overlord  
  66  6:17  Overlord  
  65  6:20  Drone, Extractor  
  65  6:21  Overlord  
  65  6:22  Overlord  
  65  6:26  Baneling x2  
  65  6:30  Overlord  
  65  6:32  Drone  
  66  6:33  Overlord  
  66  6:39  Roach x8  
  84  6:40  Roach, Queen  
  84  6:44  Queen  
  88  6:53  Nydus Network  
  87  6:55  Roach  
  89  7:06  Queen  
  89  7:07  Roach x5  
  101  7:10  Overlord  
  101  7:12  Overlord  
  101  7:15  Queen  
  101  7:19  Queen  
  103  7:29  Baneling  
  103  7:30  Nydus Canal  
  103  7:31  Roach x4  
  103  7:36  Roach x3  
  103  7:37  Zergling x2  
  114  7:47  Nydus Canal  
Show
View Real Time Build Order
Export as new Build Order

Zervas Zerg 

Build Orders: Hatch First 

Get SALT Encoding   

  12  0:00  Drone  
  13  0:13  Overlord  
  13  0:18  Drone  
  14  0:31  Drone x2  
  14  0:35  Drone  
  17  0:52  Hatchery  
  17  0:56  Drone  
  17  0:58  Drone  
  18  1:10  Extractor  
  17  1:12  Spawning Pool  
  17  1:15  Drone  
  17  1:19  Drone  
  18  1:28  Drone  
  19  1:38  Overlord  
  19  1:51  Drone  
  20  1:59  Spine Crawler  
  20  2:00  Queen  
  20  2:01  Zergling x2  
  22  2:02  Baneling Nest  
  22  2:04  Zergling x2  
  22  2:13  Zergling x2  
  23  2:18  Zergling x2  
  24  2:26  Zergling x2  
  24  2:29  Overlord  
  24  2:45  Zergling x4  
  24  2:46  Metabolic Boost  
  26  2:56  Zergling x2  
  27  2:59  Baneling  
  27  3:09  Hatchery  
  27  3:10  Drone x2  
  27  3:17  Drone x2  
  29  3:24  Drone  
  30  3:30  Drone  
  31  3:36  Queen  
  31  3:41  Overlord  
  33  3:49  Drone x2  
  35  3:56  Drone x2  
  37  4:05  Drone  
  38  4:17  Hatchery  
  37  4:22  Drone x2  
  39  4:25  Drone  
  39  4:28  Drone  
  39  4:30  Zergling x2  
  42  4:38  Lair  
  42  4:40  Drone  
  42  4:44  Drone x2  
  45  4:51  Baneling x2  
  44  4:53  Drone  
  44  4:54  Drone  
  44  4:55  Zergling x2, Extractor  
  44  4:57  Extractor  
  45  5:01  Zergling x6  
  45  5:02  Baneling  
  45  5:03  Baneling  
  45  5:04  Baneling  
  48  5:08  Overlord  
  48  5:10  Drone  
  48  5:26  Zergling x2  
  43  5:30  Zergling x10  
  43  5:32  Zergling x2  
  43  5:33  Baneling  
  43  5:35  Zergling x2  
  47  5:38  Queen  
  47  5:39  Zergling x2  
  47  5:40  Zergling x2  
  51  5:45  Roach Warren  
  51  5:49  Baneling  
  48  5:50  Baneling x3  
  48  5:51  Zergling x6  
  51  5:57  Extractor  
  51  6:01  Drone x2  
  48  6:14  Drone  
  48  6:16  Spire  
  48  6:20  Drone  
  48  6:23  Drone x4  
  52  6:30  Hatchery  
  52  6:34  Hatchery  
  52  6:37  Drone  
  52  6:38  Drone  
  53  6:40  Drone  
  53  6:44  Drone x2  
  56  6:51  Overlord  
  56  6:58  Overseer, Roach  
  56  7:00  Overlord  
  58  7:04  Overlord  
  58  7:10  Roach x2  
  62  7:16  Roach x2  
  62  7:21  Roach x2  
  70  7:27  Drone  
  70  7:28  Mutalisk  
  73  7:30  Evolution Chamber  
  73  7:33  Mutalisk x2  
  76  7:39  Mutalisk  
  76  7:42  Zergling x2  
  76  7:43  Zergling x2  
  70  7:51  Zergling x2  
  70  7:52  Zergling x2  

Tags
 
Add a new tag
Caveats
  • Supply blocks, unpowered buildings, or Contaminate may cause inaccurate times.
  • Supply counts are checked every 10 seconds.